 Dungeon Crawl Stone Soup version 0.31-a0-196-g86fe4a5e66 (webtiles) character file.

Game seed: 13878308888778231030

26577 Gorgondantess the Frost Mage (level 13, -21/111 HPs)
             Began as a Ghoul Ice Elementalist on June 24, 2023.
             Was the Champion of Cheibriados.
             Demolished by an orc warlord
             ... wielding a +1 great mace
              (23 damage)
             ... on level 2 of the Orcish Mines on June 25, 2023.
             The game lasted 00:50:16 (16691 turns).

Gorgondantess the Frost Mage (GhIE)                Turns: 16691, Time: 00:50:17

Health: -21/111    AC: 20    Str: 28    XL:     13   Next: 26%
Magic:  22/30      EV: 18    Int: 29    God:    Cheibriados [******]
Gold:   1326       SH:  0    Dex: 24    Spells: 8/24 levels left

rFire   . . .        W - +5 scimitar (flame)
rCold   + + +        (no shield)
rNeg    + + +        t - +0 acid dragon scales
rPois   ∞            (no helmet)
rElec   .            F - +0 cloak
rCorr   +            w - +0 pair of gloves
SInv    +            c - +1 pair of boots
Will    +....        u - amulet of magic regeneration
Stlth   +++++        x - ring of see invisible
HPRegen 0.00/turn    S - ring of Recklessness {rPois rC+++ Will+ MP+9}
MPRegen 0.62/turn

%: no passive effects
@: mighty, ice-armoured, freezing walls, inhibited regen, very slow
A: claws 1, cold resistance 1, negative energy resistance 3, inhibited
regeneration, torment resistance 2, devour on kill
a: Renounce Religion, Bend Time, Temporal Distortion, Slouch, Step From Time


You were on level 2 of the Orcish Mines.
You worshipped Cheibriados.
Cheibriados was exalted by your worship.
You visited 2 branches of the dungeon, and saw 15 of its levels.
You also visited: Bailey.

You collected 1386 gold pieces.
You spent 60 gold pieces at shops.

Inventory:

Hand Weapons
 a - a +3 trident of freezing
 d - a +2 flail of pain
 n - a +1 trident of venom
 s - a +0 flail of protection
 H - a +5 short sword of freezing
 I - a +2 hand axe of flaming
 N - a +2 dagger of venom
 W - a +5 scimitar of flaming (weapon)
Missiles
 i - 6 curare-tipped darts
 D - 12 boomerangs
 O - 55 poisoned darts
Armour
 c - a +1 pair of boots (worn)
 t - +0 acid dragon scales (worn)
 w - a +0 pair of gloves (worn)
 C - a +2 robe of willpower
 F - a +0 cloak (worn)
Jewellery
 k - an amulet of the acrobat
 u - an amulet of magic regeneration (around neck)
 x - a ring of see invisible (left hand)
 y - an amulet of faith
 S - the ring of Recklessness (right hand) {rPois rC+++ Will+ MP+9}
   (You found it on level 11 of the Dungeon)

   [ring of poison resistance]

   rC:        It renders you almost immune to cold.
   rPois:     It protects you from poison.
   MP:        It affects your magic capacity (+9).
   Will:      It increases your willpower.
 T - a ring of flight
 V - an amulet of regeneration
Wands
 J - a wand of digging (6)
 P - a wand of iceblast (7)
Scrolls
 h - 3 scrolls of vulnerability
 j - a scroll of butterflies
 l - 4 scrolls of enchant weapon
 m - a scroll of poison
 p - 7 scrolls of teleportation
 q - 6 scrolls of fear
 v - 5 scrolls of fog {unknown}
 E - a scroll of silence
 G - a scroll of enchant armour
 M - 4 scrolls of revelation {unknown}
 R - 2 scrolls of noise {unknown}
 U - a scroll of brand weapon {unknown}
Potions
 b - a potion of cancellation
 e - 7 potions of curing
 o - a potion of berserk rage
 r - a potion of enlightenment
 z - a potion of ambrosia
 B - 3 potions of attraction
 K - 4 potions of magic
 L - a potion of resistance
Miscellaneous
 f - a piece from Xom's chessboard (14/15)


   Skills:
 + Level 9.6 Fighting
 - Level 2.0 Polearms
 + Level 5.7 Armour
 + Level 7.5 Dodging
 + Level 9.7 Stealth
 + Level 6.1 Spellcasting
 - Level 6.1 Summonings
 * Level 4.0 Necromancy
 * Level 12.1 Ice Magic
 + Level 5.8 Invocations


You had 8 spell levels left.
You knew the following spells:

 Your Spells              Type           Power      Damage    Failure   Level
a - Simulacrum            Ice/Necr       27%        N/A       36%         6
b - Frozen Ramparts       Ice            100%       1d16      1%          3
c - Ozocubu's Armour      Ice            68%        N/A       1%          3
d - Summon Ice Beast      Ice/Summ       58%        N/A       1%          4

Your spell library contained the following spells:

 Spells                   Type           Power      Damage    Failure   Level
 Freeze                   Ice            100%       1d10      1%          1
 Summon Small Mammal      Summ           100%       N/A       1%          1
 Call Canine Familiar     Summ           44%        N/A       1%          3
 Summon Guardian Golem    Hex/Summ       26%        N/A       6%          3
 Metabolic Englaciation   Hex/Ice        22%        N/A       16%         5
 Inner Flame              Hex/Fire       8%         N/A       21%         3
 Portal Projectile        Hex/Tloc       16%        N/A       21%         3
 Leda's Liquefaction      Hex/Erth       4%         N/A       54%         4
 Yara's Violent Unravell  Hex/Tmut       4%         3d4       88%         5
 Enfeeble                 Hex            4%         N/A       100%        7


Dungeon Overview and Level Annotations

Branches:
Dungeon (13/15)            Temple (0/1) D:5            Lair (0/5) D:9
    Orc (2/2) D:11         Bailey (visited)
    Elf: Orc:2       Vaults: D:13-14

Altars:
Ashenzari
Cheibriados
Fedhas
Gozag
Makhleb
Okawaru
Qazlal
Sif Muna
Trog
Uskayaw
Wu Jian
Xom

Shops:
D:6 [=*(*

Annotations:
Orc:2 Rupert


Innate Abilities, Weirdness & Mutations

You are immune to poison.
You have sharp fingernails.
Your flesh is cold resistant. (rC+)
You are immune to negative energy. (rN+++)
You do not regenerate when monsters are visible.
You are immune to unholy pain and torment.
You thrive by killing the living.


Message History

The orc warlord is moderately wounded.
The frozen ramparts melt away.
The orc warlord hits you with a +1 great mace!!
Your ice beast hits the orc warlord but does no damage.
The orc warlord barely misses you.
Unknown command.
Casting: Summon Ice Beast (mildly dangerous; 1% risk of failure)
Confirm with . or Enter, or press ? or * to list all spells.
Casting: Frozen Ramparts (safe; 1% risk of failure)
Press: ? - help, Dir - look around, f - activate The walls around you are covered in ice.
Your ice beast hits the orc warlord but does no damage.
The wall freezes the orc warlord but does no damage.
The orc warlord hits your ice beast with a +1 great mace!!!
Your ice beast dies!
Your ice beast disappears in a puff of smoke!
Casting: Frozen Ramparts (safe; 1% risk of failure)
Confirm with . or Enter, or press ? or * to list all spells.
A chill wind blows around you.
The wall freezes the orc warlord.
The orc warlord hits you with a +1 great mace!!
* * * LOW HITPOINT WARNING * * *
Unknown command.
Unknown command.
You feel very mighty all of a sudden.
The orc warlord no longer looks unusually strong.
The wall freezes the orc warlord.
The orc warlord hits you with a +1 great mace.
* * * LOW HITPOINT WARNING * * *
Unknown command.
You hit the orc warlord but do no damage.
The orc warlord is lightly wounded.
The wall freezes the orc warlord.
The orc warlord hits you with a +1 great mace!!
* * * LOW HITPOINT WARNING * * *
Unknown command.
You slash the orc warlord! You burn the orc warlord.
The orc warlord is moderately wounded.
The wall freezes the orc warlord but does no damage.
The orc warlord hits you with a +1 great mace!!
You die...

.....# ## ## .....# #@##. .
....## ..#.... ..### ....#.#
### #$.... ... ..#####.^.#####
#.... .###.#.....##.## .#....
...#...#....#..### ......
.......# #...#.#@#######......
#....#####.....)Yo#..8........
......###.....).)))..4........
........#...).##.))........._.
.............#####)...........
...#........## ##..8........
..####.....## ######......
#####.......### ...... #
#...........# .#....


You could see an orc warlord (ally target) and a friendly ice beast (summoned).

Vanquished Creatures
  Azrael (D:12)
  Josephine (Orc:2)
  2 two-headed ogres
  2 orc high priests (Orc:2)
  Nergalle (Orc:2)
  An obsidian statue (D:11)
  3 orc knights (Orc:2)
  3 orc sorcerers (Orc:2)
  A cyclops (D:12)
  3 ugly things (D:12)
  A gargoyle (D:6)
  3 kobold demonologists
  2 unseen horrors
  6 trolls
  A hornet (D:9)
  4 wraiths
  Sigmund (D:5)
  A vampire (D:11)
  3 fire elementals (D:12)
  2 shadows (D:12)
  19 yaks
  5 wyverns
  A basilisk (D:9)
  2 wargs (Orc:2)
  5 water moccasins
  4 acid dragons
  4 hell hounds (D:12)
  26 orc warriors
  4 ice beasts
  A sky beast (D:8)
  3 ogres
  3 wolves (D:8)
  7 centaurs
  6 kobold brigands
  3 bullfrogs (D:7)
  2 scorpions
  9 wights
  A howler monkey (D:8)
  2 hounds
  A sleepcap (D:3)
  Crazy Yiuf (D:2)
  2 jellies
  6 orc priests
  6 iguanas
  19 orc wizards
  A nameless horror (D:9)
  4 adders
  10 gnolls
  A white imp (D:6)
  An ufetubus (D:4)
  2 dart slugs
  54 orcs
  5 ball pythons
  10 endoplasms
  A giant cockroach (D:1)
  19 goblins
  27 hobgoblins
  3 jackals (D:2)
  3 quokkas
  5 bats
  2 frilled lizards
  31 kobolds
  3 rats
  2 butterflies (D:3)
368 creatures vanquished.

Vanquished Creatures (collateral kills)
  A troll (D:12)
  A yak (D:9)
  3 wraiths
  Grum (D:8)
  An acid dragon (D:9)
  A water moccasin (D:9)
  A centaur (D:11)
  A phantom (D:7)
  5 wights
  An orc priest (D:7)
  2 orcs
18 creatures vanquished.

Grand Total: 386 creatures vanquished

Notes
Turn   | Place    | Note
-------+----------+-------------------------------------------
     0 | D:1      | Gorgondantess the Ghoul Ice Elementalist began the quest
                  | for the Orb.
     0 | D:1      | Reached XP level 1. HP: 14/14 MP: 2/2
   343 | D:1      | Reached XP level 2. HP: 19/20 MP: 0/3
   565 | D:1      | Reached skill level 5 in Ice Magic
   826 | D:2      | You fall into a shaft and drop 1 floor!
   843 | D:3      | Reached XP level 3. HP: 12/26 MP: 0/5
   899 | D:3      | Learned a level 3 spell: Frozen Ramparts
   916 | D:3      | Found a shimmering altar of Xom.
  1217 | D:3      | Reached XP level 4. HP: 32/33 MP: 2/6
  1248 | D:3      | Reached skill level 6 in Ice Magic
  1949 | D:2      | Found a runed translucent door.
  1950 | D:2      | Noticed Crazy Yiuf
  2249 | D:1      | Learned a level 3 spell: Ozocubu's Armour
  2769 | D:3      | Reached XP level 5. HP: 35/38 MP: 3/7
  3533 | D:4      | Reached skill level 7 in Ice Magic
  3533 | D:4      | Reached XP level 6. HP: 46/46 MP: 4/8
  3672 | D:4      | Reached skill level 1 in Fighting
  3695 | D:4      | Found a hide-covered altar of Uskayaw.
  3732 | D:4      | Reached skill level 1 in Armour
  4346 | D:5      | Entered Level 5 of the Dungeon
  4349 | D:5      | Found a snail-covered altar of Cheibriados.
  4360 | D:5      | Became a worshipper of Cheibriados the Contemplative
  4370 | D:5      | Found a broken altar of Ashenzari.
  4482 | D:5      | Noticed Sigmund
  4724 | D:5      | Found a staircase to the Ecumenical Temple.
  4765 | D:5      | Reached XP level 7. HP: 53/53 MP: 6/10
  4797 | D:5      | HP: 1/53 [Sigmund/puff of flame (8)]
  4800 | D:5      | Killed Sigmund
  5226 | D:5      | Reached skill level 8 in Ice Magic
  5321 | D:5      | Reached XP level 8. HP: 60/62 MP: 7/11
  5481 | D:5      | Learned a level 4 spell: Summon Ice Beast
  5488 | D:6      | Found a blossoming altar of Fedhas.
  5489 | D:6      | Found Byja's Jewellery Shoppe.
  5516 | D:6      | Found Tuhus's Antique Weapon Boutique.
  5567 | D:6      | Found Egaega's Armour Boutique.
  5581 | D:6      | Found an iron altar of Okawaru.
  5652 | D:6      | Found Joyleabo's General Store.
  5672 | D:6      | Bought a potion of heal wounds for 60 gold pieces
  5815 | D:6      | Found a burning altar of Makhleb.
  5825 | D:6      | Reached skill level 1 in Summonings
  6004 | D:6      | Found Ytifoxt's General Store.
  6041 | D:6      | Noticed a gargoyle
  6203 | D:2      | Killed Crazy Yiuf
  6588 | D:7      | Noticed a wyvern
  6599 | D:7      | Killed a wyvern
  6602 | D:7      | Reached * piety under Cheibriados
  6961 | D:7      | Found an ornate altar of the Wu Jian Council.
  7037 | D:7      | Reached XP level 9. HP: 66/71 MP: 4/13
  7223 | D:7      | Reached skill level 5 in Stealth
  7223 | D:7      | Reached skill level 9 in Ice Magic
  7641 | D:8      | Noticed a troll
  7650 | D:8      | Killed a troll
  7743 | D:8      | Found a flagged portal.
  7747 | D:8      | Reached ** piety under Cheibriados
  7803 | Bailey   | Entered a bailey
  8075 | Bailey   | Reached *** piety under Cheibriados
  8320 | Bailey   | Reached skill level 5 in Fighting
  8320 | Bailey   | Reached skill level 10 in Ice Magic
  8320 | Bailey   | Reached XP level 10. HP: 81/81 MP: 9/15
  8392 | Bailey   | Noticed an orc warlord
  8775 | D:8      | Reached **** piety under Cheibriados
  8805 | D:8      | Noticed Grum
  8812 | D:8      | Reached skill level 5 in Summonings
  8817 | D:8      | Killed Grum
  8871 | D:8      | Found a bloodstained altar of Trog.
  9170 | D:6      | Killed a gargoyle
  9321 | D:6      | Noticed an unseen horror
  9329 | D:6      | Killed an unseen horror
  9330 | D:6      | Reached skill level 5 in Dodging
  9579 | D:9      | Noticed a kobold demonologist
  9579 | D:9      | Noticed a kobold demonologist
 10101 | D:9      | Reached ***** piety under Cheibriados
 10272 | D:9      | Found an opulent altar of Gozag.
 10283 | D:9      | Reached skill level 11 in Ice Magic
 10421 | D:9      | Reached skill level 1 in Invocations
 10425 | D:9      | Reached XP level 11. HP: 79/91 MP: 5/16
 10434 | D:9      | Noticed a sun demon
 10694 | D:9      | Found a staircase to the Lair.
 10852 | D:9      | Reached skill level 1 in Polearms
 11019 | D:10     | Entered Level 10 of the Dungeon
 11021 | D:10     | Found a shimmering blue altar of Sif Muna.
 11342 | D:10     | Found a stormy altar of Qazlal.
 11932 | D:10     | Noticed a two-headed ogre
 11939 | D:10     | Killed a two-headed ogre
 12746 | D:11     | Reached ****** piety under Cheibriados
 12983 | D:11     | Found a staircase to the Orcish Mines.
 12999 | D:11     | Noticed an obsidian statue
 13007 | D:11     | Noticed a soul eater
 13028 | D:11     | Identified the ring of Recklessness {rPois rC+++ Will+
                  | MP+9}
 13078 | D:11     | Killed an obsidian statue
 13079 | D:11     | Reached skill level 5 in Spellcasting
 13454 | D:11     | Reached XP level 12. HP: 92/103 MP: 18/18
 13978 | D:12     | Noticed Azrael
 13987 | D:12     | Killed Azrael
 14562 | D:12     | Reached skill level 5 in Armour
 14570 | D:12     | Learned a level 6 spell: Simulacrum
 14678 | D:12     | Noticed a two-headed ogre
 14688 | D:12     | Killed a two-headed ogre
 14689 | D:12     | Reached skill level 1 in Necromancy
 14913 | D:12     | Reached skill level 5 in Invocations
 15150 | Orc:1    | Entered Level 1 of the Orcish Mines
 15435 | Orc:2    | Entered Level 2 of the Orcish Mines
 15435 | Orc:2    | Noticed Josephine
 15446 | Orc:2    | Killed Josephine
 15732 | Orc:1    | Noticed an orc high priest
 15734 | Orc:1    | Noticed Nergalle
 15829 | Orc:1    | Noticed a sun demon
 15830 | Orc:1    | Noticed a soul eater
 15841 | Orc:2    | Killed Nergalle
 15908 | Orc:1    | Noticed a sun demon
 15918 | Orc:2    | Noticed a soul eater
 15918 | Orc:2    | Killed an orc high priest
 15919 | Orc:2    | Reached XP level 13. HP: 68/111 MP: 20/20
 16464 | Orc:2    | Noticed Rupert
 16487 | Orc:2    | Noticed an orc warlord
 16499 | Orc:2    | Reached skill level 12 in Ice Magic
 16690 | Orc:2    | HP: 2/111 [orc warlord/+1 great mace (21)]
 16691 | Orc:2    | Demolished by an orc warlord

Illustrated notes

Levels and vault maps discovered:
D:1:      amcnicky_arrival_gap_in_the_tavern_cellar, layout_loops_cross,
          minmay_door_square
D:2:      layout_loops_ring, uniq_crazy_yiuf_cottage
D:3:      layout_basic, xom_butterflies
D:4:      layout_loops_ring, eat_drink_and_be_merry_uskayaw, serial_glass,
          glass_columns_c, glass_columns_a, glass_columns_b, glass_columns_a,
          glass_columns_a, dreamdust_princess_bridge, st_stairs_7
D:5:      layout_basic, mainiacjoe_overflow_boulevard, ashenzari_altar_1,
          minmay_temple_entry_tees, roderic_roman_lattice, uniq_sigmund
D:6:      layout_cave_pools, kennysheep_okawaru_gauntlet, fedhas_altar_1,
          makhleb_heckhound_becter, serial_shops, shop, shop,
          nicolae_shop_window_shopping, shop, nicolae_shop_just_a_little_nook,
          minmay_three_doors
D:7:      layout_basic, lemuel_crystal_altar
D:8:      layout_gridville, general_overflow_altar, enter_bailey_4, uniq_grum
D:9:      layout_gridville, nicolae_overflow_hidden_temple, grunt_gozag_statues,
          minmay_lair_entry_grove
D:10:     layout_layer_cave, mainiacjoe_overflow_paths,
          chequers_temple_overflow_statue_of_worship
D:11:     minmay_statue_hallways, layout_grid_maze, orc_0_dummy
D:12:     layout_basic, uniq_azrael
D:13:     layout_basic, minivault_19, grunt_ministairs_9, uniq_frances,
          uniq_lodul
Orc:1:    layout_caves, guppyfry_library_mini, uniq_nergalle
Orc:2:    grunt_orc_cross, layout_diamond_mine, mines2_david, uniq_rupert,
          uniq_sonja, uniq_saint_roka, uniq_josephine

Skill      XL: |  1  2  3  4  5  6  7  8  9 10 11 12 13 |
---------------+----------------------------------------+-----
Spellcasting   | 2 3 4 5 6 |  6.1
Ice Magic      | 5 6 7 8 10 11 12 | 12.1
Dodging        | 2 3 4 5 6 7 |  7.5
Fighting       | 1 2 3 5 6 8 9 |  9.6
Armour         | 1 2 4 5 |  5.7
Stealth        | 3 4 5 7 8 9 |  9.7
Summonings     | 2 4 6 |  6.1
Invocations    | 1 3 5 |  5.8
Polearms       | 2 |  2.0
Necromancy     | 3 4 |  4.0

Action                     |  1- 3 |  4- 6 |  7- 9 | 10-12 | 13-15 || total
---------------------------+-------+-------+-------+-------+-------++-------
  Melee: Unarmed           |    49 |    33 |       |       |       ||    82
         Punch             |     1 |     3 |     2 |     5 |     1 ||    12
         Spear             |       |    16 |       |       |       ||    16
         Dagger            |       |    94 |   182 |    79 |       ||   355
         Flail             |       |       |     7 |       |       ||     7
         Hand axe          |       |       |       |    21 |       ||    21
         Short sword       |       |       |       |   113 |       ||   113
         Trident           |       |       |       |    90 |       ||    90
         Scimitar          |       |       |       |   108 |    53 ||   161
   Fire: Sling             |       |       |    11 |       |       ||    11
   Cast: Freeze            |    27 |     7 |     7 |       |       ||    41
         Frozen Ramparts   |     3 |    28 |    30 |    64 |    12 ||   137
         Ozocubu's Armour  |       |       |    22 |    28 |     3 ||    53
         Summon Ice Beast  |       |       |     8 |    26 |     4 ||    38
  Evoke: Piece from Xom's  |       |       |     3 |       |     1 ||     4
         Wand              |       |       |       |     1 |     2 ||     3
    Use: Potion            |       |       |     4 |     1 |     1 ||     6
         Scroll            |       |       |     7 |    11 |       ||    18
   Stab: Sleeping          |     3 |     4 |     4 |     4 |       ||    15
         Petrified         |       |       |     9 |       |       ||     9
         Distracted        |       |       |       |     9 |       ||     9
         Invisible         |       |       |       |     1 |       ||     1
 Armour: Leather armour    |    14 |    31 |     2 |       |       ||    47
         Robe              |       |       |    53 |    34 |       ||    87
         Acid dragon scale |       |       |       |   167 |    19 ||   186
  Dodge: Dodged            |    42 |    69 |    92 |   437 |    77 ||   717

Table legend: (Time is in decaauts)
 A = Elapsed time spent in this place.
 B = Non-inter-level travel time spent in this place.
 C = Inter-level travel time spent in this place.
 D = Time resting spent in this place.
 E = Time spent auto-exploring this place.
 F = Levels seen in this place.
 G = Mean time per level.
                   A        B        C        D        E       F      G
               +--------+--------+--------+--------+--------+-----+--------+
         Total |  21774 |  20475 |   1299 |   2199 |  13923 |  16 | 1360.9 |
       Dungeon |  18762 |  17592 |   1170 |   1421 |  12886 |  13 | 1443.2 |
  Orcish Mines |   2315 |   2187 |    128 |    453 |   1037 |   2 | 1157.5 |
        Bailey |    696 |    696 |      0 |    324 |      0 |   1 |  696.0 |
               +--------+--------+--------+--------+--------+-----+--------+

Top non-repeatable levels by time:
    D:10: 2868 daAuts
    D:11: 2045 daAuts
    D:12: 1829 daAuts
     D:8: 1799 daAuts
     D:3: 1450 daAuts
     D:7: 1423 daAuts
     D:9: 1398 daAuts
     D:6: 1323 daAuts
     D:5: 1298 daAuts
   Orc:2: 1260 daAuts
     D:2: 1150 daAuts
     D:1: 1096 daAuts
     D:4: 1077 daAuts
   Orc:1: 1055 daAuts
  Bailey: 696 daAuts
